 Dungeon Crawl Stone Soup version 0.10.4 character file.

764 OfficerJojo the Sneak (level 7, 0/45 HPs)
             Began as an Octopode Assassin on Oct 7, 2021.
             Slain by Blork the orc
             ... wielding a +2,+1 glaive of dragon slaying
              (10 damage)
             ... on Level 4 of the Dungeon.
             The game lasted 00:16:00 (3331 turns).

OfficerJojo the Sneak (Octopode Assassin)           Turns: 3331, Time: 00:16:00

HP   0/45        AC  1     Str 10      XL: 7   Next: 27%
MP   6/6         EV 13     Int 10      God:
Gold 214         SH  9     Dex 16      Spells:  0 memorised,  6 levels left

Res.Fire  : x . .   See Invis. : .   a - +2,+3 dagger {=f}
Res.Cold  : + . .   Warding    : . . h - +1 dwarf buckler
Life Prot.: . . .   Conserve   : .   (helmet restricted)
Res.Acid. : . . .   Res.Corr.  : .   (no amulet)
Res.Poison: .       Clarity    : .   o - cursed -3 ring of intelligence
Res.Elec. : .       Spirit.Shd : .   F - ring of ice
Sust.Abil.: . .     Stasis     : .   (no ring)
Res.Mut.  : .       Ctrl.Telep.: .   (no ring)
Res.Rott. : .       Levitation : .   (no ring)
Saprovore : . . .   Ctrl.Flight: .   (no ring)
                                     (no ring)
                                     (no ring)

@: slightly resistant to hostile enchantments, very stealthy
A: almost no armour, amphibious, constrict 8, camouflage 1, tentacles 3, AC +1
a: no special abilities


You were on level 4 of the Dungeon.
You were not hungry.

You visited 1 branch of the dungeon, and saw 4 of its levels.

You collected 164 gold pieces.

Inventory:

Hand weapons
 a - a +2,+3 dagger (weapon) {=f}
 b - a +0 blowgun
 s - a +1,+0 elven dagger
 u - a +0,+0 dagger (quivered)
 y - a +0,+0 orcish dagger
 G - a +0,+0 dagger
Missiles
 e - 10 poisoned +0 needles
 f - 3 curare-tipped +0 needles
 x - 33 +0 stones
 J - a +0 dart
Armour
 h - a +1 dwarven buckler (worn)
 v - a cursed +0 helmet
 O - a +1 elven robe
Magical devices
 p - a wand of slowing (3) {unknown}
 E - a wand of lightning (7) {unknown}
Comestibles
 g - 4 bread rations
 q - 3 chunks of human flesh
 r - a choko
 z - a chunk of rat flesh
 D - 3 rotting chunks of orc flesh
 N - a rotting chunk of bat flesh
Scrolls
 d - 2 scrolls of teleportation
 i - 3 scrolls of remove curse {nothing, unknown}
 j - 3 scrolls of identify {enchant armor, unknown}
 k - 3 scrolls of fear
 m - a scroll of curse armour {unknown}
 n - a scroll of enchant weapon I {unknown}
 t - a scroll of magic mapping {unknown}
 w - a scroll of random uselessness
 I - a scroll of curse weapon {unknown}
 P - a scroll of amnesia {unknown}
Jewellery
 o - a cursed -3 ring of intelligence (on tentacle)
 F - a ring of ice (on tentacle)
Potions
 c - a potion of curing
 l - a potion of might {unknown}
 H - a potion of magic {unknown}
 L - a potion of resistance {unknown}
Carrion
 K - a rotting kobold corpse


   Skills:
 + Level 3.2 Fighting
 + Level 3.6 Short Blades
 + Level 3.6 Throwing
 + Level 3.5 Dodging
 + Level 5.8 Stealth
 + Level 3.5 Stabbing
 + Level 2.0 Traps & Doors
 + Level 2.1 Evocations


You had 6 spell levels left.
You didn't know any spells.

Dungeon Overview and Level Annotations

Branches:
Dungeon (4/27)
 Temple: D:4-7

Altars:
Elyvilon

Annotations
D:4 Blork the orc


Innate Abilities, Weirdness & Mutations

You cannot wear most types of armour.
You can wear up to eight rings at the same time.
You are amphibious.
You can use your tentacles to constrict many enemies at once.
Your rubbery body absorbs attacks (AC +1).
Your skin changes colour to match your surroundings (Stlth).
You have a mass of large tentacles instead of arms.


Message History

Okay, then.
Drop what? (_ for help) (? for menu, Esc to quit)
Okay, then.
Wield which item (- for none, * to show all)? (? for menu, Esc to quit)
a - a +2,+3 dagger (weapon)
{=f} It hits you!
* * * LOW HITPOINT WARNING * * *
Drink which item? (? for menu, Esc to quit)
You feel better.
It was a potion of curing.
The magic dart hits you!
* * * LOW HITPOINT WARNING * * *
You hear some strange, mumbled words.
The puff of frost hits you! You resist.
* * * LOW HITPOINT WARNING * * *
Drink which item? (? for menu, Esc to quit)
You feel better. It hits you but does no damage.
The goblin hits you with an orcish dagger.
* * * LOW HITPOINT WARNING * * *
Some of the chunks of flesh in your inventory have completely rotted away.
You hit the goblin but do no damage. It hits you!
You die...

#........# #####.##
###+###### #.# #.. #.#
####.### #.#
#......#############.##
#.............##....>.#
#......######.........#
#.....%# ####.......
#.....@# #......#
#.....g# #......#
#....K(# #......#
#......# ##.#####
#####.## .># .. ### ^..
... ....


You could see a goblin and a kobold.

Vanquished Creatures
  Prince Ribbit (D:4)
  Sigmund (D:2)
  A hound (D:4)
  A scorpion (D:4)
  An iguana (D:4)
  8 adders
  2 giant geckos
  2 oozes (D:1)
  8 orcs
  4 giant cockroaches
  9 goblins
  11 hobgoblins
  14 jackals
  11 kobolds
  A quokka (D:3)
  9 bats
  7 giant newts
  14 rats
  A toadstool (D:1)
106 creatures vanquished.

Vanquished Creatures (others)
  2 toadstools (D:2)
2 creatures vanquished.

Grand Total: 108 creatures vanquished

Notes
Turn   | Place    | Note
--------------------------------------------------------------
     0 | D:1      | OfficerJojo, the Octopode Assassin, began the quest for the Orb.
     0 | D:1      | Reached XP level 1. HP: 13/13 MP: 0/0
   103 | D:1      | Reached XP level 2. HP: 8/18 MP: 1/1
   550 | D:1      | Reached XP level 3. HP: 23/23 MP: 2/2
  1001 | D:2      | Found a white marble altar of Elyvilon.
  1055 | D:2      | Noticed Sigmund
  1069 | D:2      | Killed Sigmund
  1069 | D:2      | Reached skill level 5 in Stealth
  1069 | D:2      | Reached XP level 4. HP: 8/29 MP: 3/3
  1069 | D:2      | Reached XP level 5. HP: 9/34 MP: 4/4
  2815 | D:4      | Reached XP level 6. HP: 22/40 MP: 5/5
  3128 | D:4      | Reached skill level 1 in Traps & Doors
  3147 | D:4      | Noticed Prince Ribbit
  3161 | D:4      | Killed Prince Ribbit
  3161 | D:4      | Reached XP level 7. HP: 45/45 MP: 6/6
  3317 | D:4      | Noticed Blork the orc
  3331 | D:4      | Slain by Blork the orc
